Map: Sonho Sempiterno LE

Players

MATADORSCII

  • Race: Terran Terran
  • League: Master
  • Spawn Location: 1:00

I.A. 3 (Médio) - Winner!

  • Race: Zerg Zerg
  • Spawn Location: 7:00

VOD

Have the link to the VOD?

Description

Time

  • Played on: July 7, 2020, 4:26 p.m.
  • Length: 5:45
Show
View Real Time Build Order
Export as new Build Order

MATADORSCII Terran 

Build Orders: Reaper Expand 

Get SALT Encoding   

  12  0:01  SCV  
  13  0:14  SCV  
  13  0:18  Supply Depot  
  14  0:26  SCV  
  15  0:40  SCV, Barracks  
  16  0:44  Refinery  
  16  0:52  SCV  
  18  1:04  SCV  
  18  1:16  SCV  
  19  1:30  Reaper  
  19  1:31  Orbital Command  
  20  1:42  Command Center  
  20  1:57  SCV  
  21  2:06  Barracks  
  21  2:09  Barracks Reactor  
  21  2:10  SCV  
  21  2:12  Supply Depot  
  22  2:25  Factory  
  22  2:26  SCV  
  22  2:29  Refinery  
  23  2:38  SCV  
  24  2:46  Marine x2  
  24  2:50  SCV  
  27  2:53  Barracks Tech Lab  
  27  2:56  Orbital Command  
  27  3:02  SCV  
  27  3:05  Marine x2  
  30  3:15  SCV  
  30  3:16  Marine  
  30  3:19  Starport  
  32  3:20  Factory Reactor  
  32  3:23  SCV  
  32  3:26  Marine x2  
  32  3:27  SCV  
  36  3:35  Stimpack  
  36  3:37  Marine  
  36  3:38  SCV  
  36  3:39  SCV  
  39  3:45  Supply Depot  
  39  3:49  Marine x2  
  39  3:52  SCV  
  39  3:53  SCV  
  43  3:56  Marine  
  44  4:04  SCV  
  44  4:05  SCV  
  46  4:11  Marine, Supply Depot  
  46  4:12  Marine  
  46  4:14  Medivac x2  
  52  4:18  SCV x2  
  54  4:24  Supply Depot  
  54  4:32  Marine x3, SCV x2  
  54  4:34  Supply Depot  
  59  4:44  SCV x2  
  61  4:50  Marine  
  62  4:56  Command Center  
  62  5:01  Marine x2  
  62  5:02  SCV  
  62  5:03  SCV  
  62  5:04  Supply Depot  
  66  5:11  Engineering Bay  
  66  5:14  Marine, Refinery, SCV  
  66  5:15  Refinery  
  66  5:16  Engineering Bay  
  66  5:19  Marine  
Show
View Real Time Build Order
Export as new Build Order

I.A. 3 (Médio) Zerg - Winner!

Build Orders: Hatch First 

Get SALT Encoding   

  12  0:01  Drone  
  13  0:12  Overlord  
  13  0:16  Drone  
  14  0:30  Drone  
  14  0:33  Drone  
  16  0:36  Drone  
  17  0:52  Hatchery  
  17  0:55  Drone  
  17  1:10  Spawning Pool  
  16  1:12  Drone  
  16  1:15  Drone  
  16  1:18  Extractor  
  17  1:20  Drone  
  18  1:27  Overlord  
  18  1:57  Zergling x2  
  18  1:58  Queen, Zergling x2  
  18  2:00  Roach Warren  
  21  2:01  Extractor  
  21  2:04  Drone  
  21  2:08  Drone  
  22  2:22  Drone  
  23  2:26  Drone  
  25  2:30  Drone  
  25  2:36  Overlord  
  25  2:42  Roach  
  27  2:47  Drone  
  27  2:50  Drone  
  29  2:53  Drone  
  30  3:01  Roach, Lair  
  32  3:17  Extractor  
  31  3:20  Ravager, Drone  
  31  3:24  Extractor  
  31  3:25  Drone  
  33  3:33  Drone  
  34  3:34  Overlord  
  34  3:40  Roach  
  36  3:42  Drone  
  36  3:46  Drone  
  38  3:49  Drone  
  38  3:52  Drone  
  40  3:56  Drone  
  40  4:00  Drone  
  40  4:02  Hydralisk Den  
  41  4:03  Drone  
  42  4:10  Overlord  
  42  4:13  Drone  
  42  4:16  Drone  
  44  4:19  Drone  
  44  4:22  Drone  
  46  4:25  Drone  
  46  4:28  Drone  
  48  4:35  Hydralisk, Drone  
  51  4:39  Overlord  
  51  4:41  Drone  
  51  4:44  Drone  
  53  4:47  Drone  
  53  4:50  Drone  
  55  4:56  Drone  
  55  4:57  Roach  
  58  5:07  Overlord  
  58  5:08  Drone  
  58  5:11  Drone  
  60  5:16  Overseer  
  60  5:17  Roach, Ravager x2  
  64  5:23  Overseer  
  64  5:25  Overlord, Drone  
  64  5:28  Drone  
  66  5:35  Baneling Nest  
  66  5:40  Evolution Chamber  
  68  5:44  Spore Crawler  
Tags
 
Add a new tag
Caveats
  • Supply blocks, unpowered buildings, or Contaminate may cause inaccurate times.
  • Supply counts are checked every 10 seconds.